 Dungeon Crawl Stone Soup version 0.30-a0-782-ge64f9170bb (webtiles) character file.

Game seed: 15331855642411337133

89 Leeroy the Slasher (level 4, -15/33 HPs)
             Began as a Merfolk Gladiator on Feb 25, 2023.
             Killed by divine providence
             ... invoked by an orc priest
              (17 damage)
             ... on level 3 of the Dungeon.
             The game lasted 00:01:56 (2318 turns).

Leeroy the Slasher (Merfolk Gladiator)              Turns: 2318, Time: 00:01:56

Health: -15/33     AC:  4    Str: 14    XL:     4   Next: 55%
Magic:  4/4        EV: 13    Int: 13    God:
Gold:   151        SH:  0    Dex: 17    Spells: 3/3 levels left

rFire   . . .      SeeInvis .    a - +0 long sword
rCold   . . .      Faith    .    (no shield)
rNeg    . . .      Spirit   .    b - +0 leather armour
rPois   .          Reflect  .    c - +0 helmet
rElec   .          Harm     .    (no cloak)
rCorr   .          Rampage  .    (no gloves)
Will    .....                    (no boots)
Stlth   +                        (no amulet)
HPRegen 0.25/turn                i - +6 ring of intelligence
MPRegen 0.09/turn                (no ring)

@: no status effects
A: (nimble swimmer 2), mertail
a: no special abilities


You were on level 3 of the Dungeon.
You visited 1 branch of the dungeon, and saw 4 of its levels.

You collected 151 gold pieces.

Inventory:

Hand Weapons
 a - a +0 long sword (weapon)
Missiles
 d - 2 throwing nets (quivered)
 e - a javelin
 l - 8 poisoned darts
Armour
 b - a +0 leather armour (worn)
 c - a +0 helmet (worn)
Jewellery
 i - a +6 ring of intelligence (left hand)
Scrolls
 g - 4 scrolls of identify {unknown}
 k - 3 scrolls of enchant armour {unknown}
 n - 4 scrolls of teleportation {unknown}
 q - a scroll of fear {unknown}
 r - a scroll of brand weapon {unknown}
 s - a scroll of immolation {unknown}
 t - a scroll of poison {unknown}
Potions
 f - a potion of mutation {unknown}
 h - a potion of curing {unknown}
 j - 4 potions of attraction {unknown}
 m - a potion of resistance {unknown}
 o - 2 potions of heal wounds {unknown}
 p - 2 potions of might {unknown}


   Skills:
 - Level 2.1 Fighting
 + Level 6.3 Long Blades
 - Level 2.0 Throwing
 - Level 4.0 Dodging


You had 3 spell levels left.
You didn't know any spells.
Your spell library contained the following spells:

 Spells                   Type           Power      Damage    Failure   Level
 Lesser Beckoning         Tloc           0%         N/A       52%         2
 Gell's Gravitas          Tloc           0%         N/A       75%         3
 Teleport Other           Tloc           0%         N/A       75%         3


Dungeon Overview and Level Annotations

Branches:
Dungeon (4/15)
 Temple: D:4-7

Altars:


Innate Abilities, Weirdness & Mutations

((You are very nimble when in or above water. (Stealth+, EV+, Speed+++)))
Your lower body shifts to a powerful aquatic tail in water.


Message History

The orc wizard points at you and mumbles some strange words.
You are confused.
The orc wizard hits you with a +0 dagger.
The orc hits you but does no damage.
The endoplasm hits you but does no damage.
The orc priest calls down the wrath of Beogh upon you.
Pain shoots through your body!
You barely miss the endoplasm. The orc barely misses you.
The orc wizard hits you with a +0 dagger.
The endoplasm misses you.
The orc priest hits you with a +0 hand axe.
The orc closely misses you.
You're too confused to move!
The orc barely misses you.
The orc wizard hits you with a +0 dagger.
The endoplasm freezes you.
You are frozen.
The orc priest barely misses you.
The orc hits you from afar with a +0 trident.
You closely miss the orc wizard. The orc misses you.
The orc wizard hits you but does no damage.
The endoplasm freezes you.
You are frozen.
The orc priest completely misses you. The orc completely misses you.
The orc wizard attacks as you move away!
The orc wizard hits you with a +0 dagger.
The orc priest attacks as you move away!
The orc priest hits you with a +0 hand axe.
You feel less confused. The orc closely misses you.
The orc wizard casts a spell.
The orc wizard flickers and vanishes!
Deactivating autopickup; reactivate with Ctrl-A.
There is an open door here.
The orc priest invokes the aid of Beogh against you.
Beogh smites you!
* * * LOW HITPOINT WARNING * * *
The endoplasm attacks as you move away! The endoplasm closely misses you.
The orc priest mumbles some strange prayers to Beogh against you.
Beogh smites you!
Ouch! That really hurt!
You die...

#.......# #.#.#.# #)......#
#.#.#.# .#.......#
#.#.#.######### # .#.......#
#.#.#.........# ###.#......!#
#.#.#########.# ....#.......#
#.#......# #.# ....+.......+
#........# #.#
..###......o##################.#
..o.'......o'.oJ@.............[#
##..#.......####################
##....###'## ######.# #.#
....##.# #.# '#####.# #.# .≈≈#
#.###.##### ..≈# #..##.....
..≈####o##..#


You could see an orc priest, 2 orcs and an endoplasm.

Vanquished Creatures
  Terence (D:2)
  An adder (D:2)
  A worm (D:2)
  A dart slug (D:3)
  An orc (D:3)
  3 endoplasms
  2 giant cockroaches
  2 goblins (D:1)
  5 hobgoblins (D:1)
  3 jackals (D:1)
  5 kobolds
  6 quokkas
  4 ball pythons
  4 bats
  3 frilled lizards (D:1)
  4 rats
46 creatures vanquished.

Notes
Turn   | Place    | Note
-------+----------+-------------------------------------------
     0 | D:1      | Leeroy the Merfolk Gladiator began the quest for the Orb.
     0 | D:1      | Reached XP level 1. HP: 16/16 MP: 1/1
   109 | D:1      | Reached skill level 4 in Long Blades
   156 | D:1      | Reached XP level 2. HP: 22/22 MP: 2/2
   609 | D:1      | Reached skill level 5 in Long Blades
   609 | D:1      | Reached XP level 3. HP: 24/27 MP: 3/3
  1449 | D:2      | Noticed Terence
  1459 | D:2      | Killed Terence
  1460 | D:2      | Reached skill level 6 in Long Blades
  1460 | D:2      | Reached XP level 4. HP: 4/33 MP: 4/4
  2318 | D:3      | Killed from afar by an orc priest

Illustrated notes

Levels and vault maps discovered:
D:1:      onia_arrival_mini_maze, layout_loops_cross, hangedman_feature_mirror,
          minmay_misc_feat_four_crosses
D:2:      layout_loops_cross, minmay_splitting_lines, uniq_terence
D:3:      layout_basic, kennysheep_minor_cross
D:4:      layout_rooms, nemelex_spade_bored_becter

Skill      XL: |  1  2  3 |
---------------+----------+-----
Long Blades    | 4 5 6 |  6.3
Fighting       | |  2.1
Throwing       | |  2.0
Dodging        | |  4.0

Action                     |  1- 3 |  4- 6 || total
---------------------------+-------+-------++-------
  Melee: Long sword        |   102 |    42 ||   144
         Punch             |     2 |       ||     2
  Throw: Throwing net      |     1 |       ||     1
 Armour: Leather armour    |    34 |    15 ||    49
  Dodge: Dodged            |    84 |    51 ||   135

Table legend: (Time is in decaauts)
 A = Elapsed time spent in this place.
 B = Non-inter-level travel time spent in this place.
 C = Inter-level travel time spent in this place.
 D = Time resting spent in this place.
 E = Time spent auto-exploring this place.
 F = Levels seen in this place.
 G = Mean time per level.
                   A        B        C        D        E       F      G
               +--------+--------+--------+--------+--------+-----+--------+
         Total |   2330 |   2272 |     58 |      0 |   1887 |   4 |  582.5 |
       Dungeon |   2330 |   2272 |     58 |      0 |   1887 |   4 |  582.5 |
               +--------+--------+--------+--------+--------+-----+--------+

Top non-repeatable levels by time:
     D:1: 896 daAuts
     D:2: 849 daAuts
     D:3: 443 daAuts
     D:4: 140 daAuts
